Match 48515010
Unlisted

Match 48515010
End
Construct Barracks
Selects Special Operations Battlegroup
Selects M29 Weasel Recon Vehicle
M29 Weasel Recon Vehicle
Riflemen Squad
Riflemen Squad
M1 Mortar Team
Riflemen Squad
Mechanized Support Center
Construct Motor Pool
Designate Forward Repair Station
M1 Anti-tank Gun Team
DIV 250 BigBoss
mariopl97
Angrybirds
Ark Royal
0
0

Comments sign in to comment!

No comments posted yet!